 Dungeon Crawl Stone Soup version 0.31-a0-1620-gcbf77bbcfc (webtiles) character file.

Game seed: 5814649051500066476

4880 Flugslaktarn the Fighter (level 10, -1/94 HPs)
             Began as a Minotaur Fighter on Jan 11, 2024.
             Was an Elder of Okawaru.
             Incinerated by a deep elf pyromancer (8 damage)
             ... with a pyre arrow
             ... on level 9 of the Dungeon.
             The game lasted 00:04:41 (10138 turns).

Flugslaktarn the Fighter (Minotaur Fighter)        Turns: 10138, Time: 00:04:42

Health: -1/94      AC: 19    Str: 26    XL:     10   Next: 26%
Magic:  9/11       EV: 15    Int:  5    God:    Okawaru [****..]
Gold:   428        SH: 16    Dex:  9    Spells: 9/9 levels left

rFire   . . .        a - +0 war axe
rCold   . . .        F - +0 tower shield
rNeg    . . .        A - +2 scale mail {rPois}
rPois   +            (helmet restricted)
rElec   .            j - +2 cloak {rPois}
rCorr   +            x - +0 pair of gloves
SInv    .            p - +1 pair of boots
Will    .....        B - amulet of faith
Stlth   +            v - +5 ring of evasion
HPRegen 0.35/turn    k - ring of resist corrosion
MPRegen 0.12/turn

%: faith
@: mighty, on fire, heroic, glowing
A: horns 2, retaliatory headbutt, talons 1
a: Renounce Religion, Heroism, Finesse


You were on level 9 of the Dungeon.
You worshipped Okawaru.
Okawaru was greatly pleased with you.
You visited 2 branches of the dungeon, and saw 10 of its levels.

You collected 428 gold pieces.

Inventory:

Hand Weapons
 a - a +0 war axe (weapon)
Missiles
 y - 2 throwing nets (quivered)
Armour
 b - a +0 scale mail
 e - a +0 buckler
 j - a +2 cloak of poison resistance (worn)
   (You took it off Maurice on level 7 of the Dungeon)
 p - a +1 pair of boots (worn)
   (You found it on level 3 of the Dungeon)
 x - a +0 pair of gloves (worn)
   (You found it on level 4 of the Dungeon)
 A - a +2 scale mail of poison resistance (worn)
   (You took it off an orc on level 5 of the Dungeon)
 F - a +0 tower shield (worn)
   (You found it on level 3 of the Dungeon)
Jewellery
 k - a ring of resist corrosion (right hand)
   (You found it on level 1 of the Dungeon)
 m - an amulet of reflection
   (You found it on level 8 of the Dungeon)
 o - a +6 ring of dexterity
   (You found it on level 2 of the Dungeon)
 v - a +5 ring of evasion (left hand)
   (You found it on level 6 of the Dungeon)
 B - an amulet of faith (around neck)
   (You found it on level 5 of the Dungeon)
 E - a ring of magical power
   (You found it on level 7 of the Dungeon)
Wands
 g - a wand of digging (8)
   (You found it on level 9 of the Dungeon)
 i - a wand of quicksilver (13)
   (You took it off Maurice on level 7 of the Dungeon)
 l - a wand of iceblast (12)
   (You found it on level 8 of the Dungeon)
Scrolls
 c - a scroll of enchant weapon
 f - a scroll of silence
 r - a scroll of identify
 s - 2 scrolls of vulnerability
 t - 3 scrolls of teleportation
 C - 2 scrolls of fog
 D - 2 scrolls of immolation
Potions
 h - 2 potions of haste
 n - a potion of resistance
 q - a potion of curing
 u - a potion of lignification {unknown}
 z - a potion of magic
 G - a potion of cancellation


   Skills:
 * Level 10.7(15.7) Fighting
 * Level 10.3(15.3) Axes
 + Level 8.0(13.0) Armour
 + Level 8.0(13.0) Shields
 + Level 3.9 Invocations


You had 9 spell levels left.
You didn't know any spells.
Your spell library contained the following spells:

 Spells                   Type           Power      Damage    Failure   Level
 Lesser Beckoning         Tloc           0%         N/A       99%         2
 Mercury Vapours          Alch/Air       0%         N/A       99%         2
 Scorch                   Fire           0%         2d5       99%         2
 Gell's Gravitas          Tloc           0%         N/A       100%        3
 Mephitic Cloud           Conj/Alch/Air  0%         N/A       100%        3
 Ozocubu's Armour         Ice            0%         N/A       100%        3
 Teleport Other           Tloc           0%         N/A       100%        3
 Flame Wave               Conj/Fire      0%         2d4       100%        4
 Freezing Cloud           Conj/Ice/Air   0%         6-21      100%        5
 Metabolic Englaciation   Hex/Ice        0%         N/A       100%        5
 Sculpt Simulacrum        Ice/Alch       Unusable   N/A       N/A         6
 Summon Cactus Giant      Summ           Unusable   N/A       N/A         6

Dungeon Overview and Level Annotations

Branches:
Dungeon (9/15)             Temple (1/1) D:6
   Lair: D:8-11         Orc: D:9-12

Altars:
Ashenzari
Cheibriados
Dithmenos
Elyvilon
Fedhas
Gozag
Hepliaklqana
Kikubaaqudgha
Makhleb
Nemelex Xobeh
Okawaru
Qazlal
Ru
Sif Muna
Trog
Uskayaw
Wu Jian
Xom
Yredelemnul
Zin
The Shining One

Shops:
D:6 !(

Annotations:
D:7 1 runed translucent door, Crazy Yiuf


Innate Abilities, Weirdness & Mutations

You have a pair of horns on your head.
You reflexively headbutt those who attack you in melee.
You have sharp toenails.


Message History

Found a club.
Found a trident.
Found a stone staircase leading down.
u - a clear potion No target in view!
No target in view!
No target in view!
No target in view!
Found a dagger.
D - a scroll of immolation
There is a stone staircase leading down here.
Found a dagger.
You now have 428 gold pieces (gained 14).
r - a scroll of identify;
G - a potion of cancellation You open the door.
There is an open door here.
There is an open door here.
Found a club.
Found a stone staircase leading down.
D - 2 scrolls of immolation (gained 1)
You open the door.
An orc wizard and a centaur come into view.
The orc wizard shouts!
The centaur shouts!
You hear two shouts!
You hear a shout!
A deep elf pyromancer comes into view. It is wielding a +0 dagger.
There are monsters nearby!
There are monsters nearby!
Unknown command.
A two-headed ogre comes into view.
It is wielding a +0 giant spiked club and a +0 giant club.
The orc wizard gestures at you while chanting.
You are confused.
You are too confused!
You're too confused to move!
The orc wizard points at you and mumbles some strange words.
The puff of flame hits you!
You bump into the rock wall.
You feel less confused.
A wight comes into view. It is wielding a +0 short sword.
You block the orc wizard's attack.
You closely miss the orc wizard. Your headbutt misses the orc wizard.
You block the orc wizard's attack.
You hit the orc wizard but do no damage.
You hit the two-headed ogre.
The two-headed ogre is lightly wounded.
You feel very mighty all of a sudden.
The two-headed ogre hits you with a +0 giant spiked club!!
The two-headed ogre closely misses you.
You barely miss the two-headed ogre.
Your headbutt misses the two-headed ogre.
The two-headed ogre is lightly wounded.
The orc wizard casts a spell.
The orc wizard flickers and vanishes!
Deactivating autopickup; reactivate with Ctrl-A.
You block the two-headed ogre's attack.
The two-headed ogre hits you with a +0 giant club!
You slash the two-headed ogre!
The two-headed ogre is moderately wounded.
The deep elf pyromancer casts a spell.
The deep elf pyromancer blinks!
The deep elf pyromancer casts a spell at you.
The pyre arrow hits you.
You are covered in intense liquid fire!
You block the two-headed ogre's attack. x2
You slice the two-headed ogre!! You headbutt the two-headed ogre.
The two-headed ogre is almost dead.
The liquid fire burns you!
The deep elf pyromancer gestures wildly while chanting.
You slash the two-headed ogre!
The two-headed ogre is almost dead.
The liquid fire burns you! You block the two-headed ogre's attack.
The two-headed ogre hits you with a +0 giant club!
* * * LOW HITPOINT WARNING * * *
The deep elf pyromancer casts a spell.
The deep elf pyromancer blinks!
You gain the combat prowess of a mighty hero.
The liquid fire burns you!
* * * LOW HITPOINT WARNING * * *
The two-headed ogre hits you with a +0 giant spiked club.
* * * LOW HITPOINT WARNING * * *
You block the two-headed ogre's attack.
You barely miss the two-headed ogre.
The two-headed ogre is almost dead.
The liquid fire burns you!
* * * LOW HITPOINT WARNING * * *
Unknown command.
You feel much better. The liquid fire burns you!
* * * LOW HITPOINT WARNING * * *
You block the two-headed ogre's attack. x2; The fire elemental hits you.
The fire elemental burns you!
* * * LOW HITPOINT WARNING * * *
The deep elf pyromancer gestures wildly while chanting.
Okay, then.
You slash the two-headed ogre!
You kill the two-headed ogre!
Okawaru is honoured by your kill.
You hit the fire elemental. The liquid fire burns you!
You die...

#........# #.....#...# #...
#........# #.....#...#####...
#........###.....#...#...#...
###..eE....#.....#...#...#...
##.......#.....#..[....#...
#.......#.....#......##...
#....○°.+...........[+....
#......°#######......##...
####...#.#.E@)c{z............
#......#.#.#####'#########+##
#......#.#.# #.# #..>...#.#.#
.o. ###.####.#.# #e##
#..........# .#O #........).+
# # #........#.# #........#.#


You could see a deep elf pyromancer, 2 fire elementals, a centaur and a wight.

Vanquished Creatures
  A two-headed ogre (D:9)
  Pikel (D:7)
  Maurice (D:7)
  Maggie (D:6)
  Grinder (D:3)
  Prince Ribbit (D:7)
  Sigmund (D:3)
  5 yaks (D:8)
  2 steam dragons (D:7)
  An acid dragon (D:8)
  A water moccasin (D:8)
  Duvessa (D:4)
  2 ice beasts
  A black bear (D:5)
  3 sky beasts
  An ogre (D:5)
  A centaur (D:7)
  A phantom (D:5)
  A kobold brigand (D:6)
  A scorpion (D:4)
  3 bullfrogs
  Dowan (D:4)
  4 killer bees (D:7)
  A howler monkey (D:4)
  3 jellies
  A bombardier beetle (D:5)
  A gnoll bouda (D:5)
  A sleepcap (D:8)
  5 iguanas
  Natasha (twice) (D:3)
  9 gnolls
  2 adders (D:2)
  A shadow imp (D:7)
  A white imp (D:8)
  2 dart slugs
  A ribbon worm (D:4)
  11 orcs
  3 endoplasms
  2 giant cockroaches
  11 goblins
  9 hobgoblins
  2 jackals (D:4)
  3 quokkas
  6 ball pythons
  4 bats
  12 kobolds
  4 rats
133 creatures vanquished.

Notes
Turn   | Place    | Note
-------+----------+-------------------------------------------
     0 | D:1      | Flugslaktarn the Minotaur Fighter began the quest for the
                  | Orb.
     0 | D:1      | Reached XP level 1. HP: 19/19 MP: 0/0
   716 | D:2      | Reached XP level 2. HP: 13/27 MP: 1/1
  1046 | D:2      | Reached XP level 3. HP: 32/33 MP: 2/2
  1587 | D:3      | Noticed Grinder
  1598 | D:3      | Killed Grinder
  1599 | D:3      | Reached skill level 5 in Fighting
  1599 | D:3      | Reached XP level 4. HP: 22/42 MP: 3/3
  1599 | D:3      | Reached XP level 5. HP: 25/48 MP: 4/4
  2057 | D:3      | Noticed Sigmund
  2067 | D:3      | Killed Sigmund
  2068 | D:3      | Reached skill level 5 in Axes
  2068 | D:3      | Reached XP level 6. HP: 30/57 MP: 5/5
  2162 | D:3      | Noticed Natasha
  2170 | D:3      | Killed Natasha
  2171 | D:3      | Reached skill level 5 in Armour
  2245 | D:3      | Noticed Natasha
  2250 | D:3      | Killed Natasha
  2394 | D:4      | Reached skill level 5 in Shields
  2452 | D:4      | Noticed an ice beast
  2463 | D:4      | Killed an ice beast
  2464 | D:4      | Reached XP level 7. HP: 43/64 MP: 6/6
  2606 | D:4      | Found a shimmering blue altar of Sif Muna.
  3159 | D:4      | Noticed Dowan
  3161 | D:4      | Noticed Duvessa
  3168 | D:4      | Killed Dowan
  3175 | D:4      | Killed Duvessa
  3651 | D:5      | Entered Level 5 of the Dungeon
  4268 | D:5      | Reached XP level 8. HP: 63/73 MP: 7/7
  5521 | D:6      | Found a staircase to the Ecumenical Temple.
  5532 | Temple   | Entered the Ecumenical Temple
  5612 | Temple   | Became a worshipper of Warmaster Okawaru
  5851 | D:6      | Found a sparkling altar of Nemelex Xobeh.
  6159 | D:6      | Found Diana's Distillery.
  6298 | D:6      | Found Kevabrul's Firing Range.
  6555 | D:6      | Noticed Maggie
  6576 | D:6      | Killed Maggie
  6576 | D:6      | Reached * piety under Okawaru
  6577 | D:6      | Reached skill level 1 in Invocations
  7168 | D:7      | Reached XP level 9. HP: 82/82 MP: 9/9
  7220 | D:7      | Noticed Pikel
  7239 | D:7      | Killed Pikel
  7239 | D:7      | Reached ** piety under Okawaru
  7304 | D:7      | Found a broken altar of Ashenzari.
  7803 | D:7      | Noticed Prince Ribbit
  7803 | D:7      | Noticed Maurice
  7805 | D:7      | Gained mutation: You have sharp toenails. [potion of
                  | mutation]
  7808 | D:7      | Maurice stole a +6 ring of dexterity
  7820 | D:7      | Something stole 260 gold
  7825 | D:7      | Something stole 2 throwing nets
  7830 | D:7      | Something stole a +0 buckler
  8063 | D:7      | Something stole 4 gold
  8064 | D:7      | Killed Maurice
  8064 | D:7      | Reached *** piety under Okawaru
  8065 | D:7      | Reached skill level 10 in Fighting
  8188 | D:7      | Identified the +7 hammer of the Empty Page {drain, rPois
                  | Will+}
  8190 | D:7      | Found a runed translucent door.
  8191 | D:7      | Noticed Crazy Yiuf
  8388 | D:7      | Killed Prince Ribbit
  9328 | D:8      | Reached XP level 10. HP: 93/93 MP: 11/11
  9391 | D:8      | Reached skill level 10 in Axes
  9443 | D:8      | Reached **** piety under Okawaru
  9694 | D:8      | Found a glowing silver altar of Zin.
 10117 | D:9      | Noticed a deep elf pyromancer
 10118 | D:9      | Noticed a two-headed ogre
 10136 | D:9      | HP: 4/94 [burnt (11)]
 10138 | D:9      | Killed a two-headed ogre
 10138 | D:9      | Incinerated by a deep elf pyromancer

Illustrated notes

Levels and vault maps discovered:
D:1:      heliophobic_arrival_ceremonial_halls, layout_basic,
          serial_bayou_pond_e, minmay_misc_feat_enclosed
D:2:      layout_basic, grunt_ministairs_11
D:3:      layout_rooms, uniq_sigmund, uniq_natasha, uniq_grinder
D:4:      layout_cave_pods, mainiacjoe_overflow_cross_hatched,
          minmay_goblin_outpost, uniq_duvessa
D:5:      layout_gridville
D:6:      layout_basic, mainiacjoe_overflow_surrounded_room,
          minmay_temple_entry_large_hall, serial_shops, shop,
          nicolae_shop_firing_range, uniq_maggie
D:7:      layout_loops_corners, cheibrodos_ashenzari_chains,
          uniq_crazy_yiuf_cottage, uniq_maurice, uniq_pikel, uniq_prince_ribbit1
D:8:      layout_loops_ring, mainiacjoe_overflow_alcove_4, serial_park_tiny_2
D:9:      minmay_the_grid_3x3 [minmay_the_grid_broken_lines,
          minmay_the_grid_minigrid_small_alt, minmay_the_grid_armoury,
          minmay_the_grid_aliased_spiral, minmay_the_grid_holed_spiral,
          minmay_the_grid_odd_star, minmay_the_grid_spikes,
          minmay_the_grid_outer_circle, minmay_the_grid_prize_inner_circle],
          layout_basic, hangedman_ranch
Temple:   minmay_temple_bridge_d

Skill      XL: |  1  2  3  4  5  6  7  8  9 10 |
---------------+-------------------------------+-----
Fighting       | 4 5 6 7 8 10 | 10.7
Axes           | 3 4 5 6 8 9 10 | 10.3
Armour         | 4 5 6 7 8 |  8.0
Shields        | 4 5 6 7 8 |  8.0
Invocations    | 1 3 |  3.9

Action                     |  1- 3 |  4- 6 |  7- 9 | 10-12 || total
---------------------------+-------+-------+-------+-------++-------
  Melee: War axe           |    44 |    51 |   252 |    53 ||   400
         Headbutt          |     4 |    11 |    56 |    12 ||    83
         Unarmed           |     3 |     3 |       |       ||     6
 Invoke: Heroism           |       |       |       |     2 ||     2
    Use: Scroll            |     1 |       |    10 |     5 ||    16
         Potion            |       |       |    10 |     2 ||    12
   Stab: Invisible         |       |       |     1 |       ||     1
 Armour: Scale mail        |    33 |    29 |   187 |    16 ||   265
         Skin              |     2 |     2 |       |       ||     4
  Dodge: Dodged            |    12 |    13 |    96 |     9 ||   130
  Block: Buckler           |     8 |     4 |       |       ||    12
         Tower shield      |       |    11 |   174 |    29 ||   214

Table legend: (Time is in decaauts)
 A = Elapsed time spent in this place.
 B = Non-inter-level travel time spent in this place.
 C = Inter-level travel time spent in this place.
 D = Time resting spent in this place.
 E = Time spent auto-exploring this place.
 F = Levels seen in this place.
 G = Mean time per level.
                   A        B        C        D        E       F      G
               +--------+--------+--------+--------+--------+-----+--------+
         Total |  10264 |   9725 |    539 |   1404 |   7102 |  10 | 1026.4 |
       Dungeon |  10108 |   9714 |    394 |   1404 |   7102 |   9 | 1123.1 |
        Temple |    155 |     10 |    145 |      0 |      0 |   1 |  155.0 |
               +--------+--------+--------+--------+--------+-----+--------+

Top non-repeatable levels by time:
     D:7: 2156 daAuts
     D:5: 1579 daAuts
     D:4: 1578 daAuts
     D:6: 1253 daAuts
     D:2: 904 daAuts
     D:8: 858 daAuts
     D:3: 819 daAuts
     D:1: 696 daAuts
     D:9: 262 daAuts
  Temple: 155 daAuts
